AoeStats
← Element

Arena

506705727Analyzed
4v4 RM · 18d ago on Sep 14, 2026· 47m 31s· 8 players
Game mode
Random Map
Map size
Large (8 player)
Population
200
Speed
Normal
Resources
Standard
Victory
Conquest
Starting age
Dark Age
Ending age
Imperial Age
RankedLock teamsTeams togetherTeam positionsShared explorationLock speedFull tech treeHidden civsTurbo modeCheats
Victory
Defeat
🇵🇱 Teutons · Poland
1439
+13
🇵🇪 Franks · Peru
1414
+14
🇺🇸 Byzantines · United States
1371
+15
🇵🇪 Turks · Peru
1360
+15
🇺🇸 Hindustanis · United States
1384
-16
🇦🇷 Turks · Argentina
1360
-14
🇦🇷 Burgundians · Argentina
1358
-14
🇪🇸 Spanish · Spain
1330
-13
Rabe3000
10:12 Feudal Age
14:38 Castle Age
12:58 Double-Bit Axe
14:47 Horse Collar
16:24 Bow Saw
21:27 Light Cavalry
22:17 Bloodlines
23:56 Forging
27:42 Imperial Age
26:08 Husbandry
26:45 Scale Barding Armor
26:51 Forging
27:12 Stone Mining
27:50 Heavy Camel Rider
28:52 Chain Barding Armor
29:08 Iron Casting
32:22 Wheelbarrow
32:57 Plate Barding Armor
33:22 Blast Furnace
34:06 Imperial Camel Rider
35:47 Loom
36:18 Hand Cart
38:37 Fletching
42:03 Bodkin Arrow
44:05 Two-Man Saw
43:37 Bracer
Element
8:52 Double-Bit Axe
9:03 Horse Collar
11:02 Feudal Age
11:31 Loom
15:59 Castle Age
16:05 Cavalier
17:25 Scale Barding Armor
21:03 Wheelbarrow
25:26 Chain Barding Armor
30:39 Forging
30:47 Hand Cart
30:18 Town Watch
30:56 Bow Saw
32:24 Iron Casting
32:48 Husbandry
33:38 Heavy Plow
36:02 Pikeman
36:42 Squires
36:46 Scale Mail Armor
37:07 Fortified Wall
37:30 Arson
40:33 Imperial Age
40:38 Burgundian Vineyards
40:59 Chain Mail Armor
40:39 Halberdier
41:57 Plate Barding Armor
42:23 Blast Furnace
43:10 Plate Mail Armor
42:16 Paladin
44:02 Light Cavalry
45:26 Conscription
Vinci_PL
11:27 Feudal Age
15:21 Castle Age
17:33 Loom
20:49 Imperial Age
22:12 Wheelbarrow
22:13 Double-Bit Axe
23:44 Horse Collar
26:53 Hand Cart
26:23 Town Watch
26:46 Gold Mining
28:06 Bow Saw
31:30 Heavy Plow
33:00 Fletching
34:51 Bodkin Arrow
34:56 Padded Archer Armor
35:41 Bracer
36:05 Bloodlines
35:56 Husbandry
36:56 Bloodlines
38:10 Parthian Tactics
37:52 Thumb Ring
38:35 Leather Archer Armor
38:45 Ballistics
38:54 Heavy Cavalry Archer
39:42 Thumb Ring
40:07 Leather Archer Armor
43:08 Scale Barding Armor
43:13 Forging
44:13 Ring Archer Armor
45:16 Chain Barding Armor
47:02 Iron Casting
MTC
10:14 Feudal Age
14:10 Castle Age
12:40 Double-Bit Axe
13:36 Loom
16:00 Wheelbarrow
26:17 Horse Collar
29:09 Gold Mining
31:19 Bow Saw
32:10 Stone Mining
32:25 Padded Archer Armor
37:24 Imperial Age
37:22 Bloodlines
37:13 Husbandry
PaRappa56
10:39 Feudal Age
14:30 Castle Age
13:36 Loom
14:08 Double-Bit Axe
14:05 Horse Collar
16:08 Wheelbarrow
21:47 Redemption
25:00 Bow Saw
25:05 Gold Mining
25:11 Stone Mining
26:31 Heavy Plow
31:02 Imperial Age
28:17 Pikeman
29:15 Scale Mail Armor
29:55 Forging
29:49 Squires
32:47 Chemistry
31:14 Halberdier
32:11 Chain Mail Armor
32:29 Forging
34:07 Conscription
35:06 Plate Mail Armor
35:11 Iron Casting
34:27 Fletching
34:38 Murder Holes
35:19 Padded Archer Armor
35:20 Elite Skirmisher
37:34 Ballistics
38:40 Bodkin Arrow
39:01 Leather Archer Armor
41:34 Guilds
41:25 Caravan
41:54 Bracer
42:24 Ring Archer Armor
44:43 Thumb Ring
45:55 Two-Man Saw
45:13 Hand Cart
46:02 Guard Tower
45:58 Arrowslits
45:54 Treadmill Crane
46:56 Elite Cataphract
47:48 Logistica
Comend x comend
12:31 Feudal Age
16:40 Castle Age
21:14 Imperial Age
25:56 Loom
CTM | KLIN
10:25 Feudal Age
15:05 Castle Age
14:14 Double-Bit Axe
16:06 Bow Saw
18:13 Loom
24:53 Forging
24:57 Gold Mining
27:30 Iron Casting
29:54 Husbandry
29:35 Pikeman
30:16 Squires
33:45 Imperial Age
31:52 Wheelbarrow
33:09 Gold Shaft Mining
32:24 Stone Mining
32:57 Scale Mail Armor
34:06 Chain Mail Armor
33:49 Halberdier
33:53 Cavalier
36:36 Hand Cart
36:07 Town Watch
36:12 Paladin
39:48 Conscription
39:47 Town Patrol
41:18 Blast Furnace
40:24 Scale Barding Armor
43:26 #83
42:27 Elite Throwing Axeman
47:16 Ballistics
47:57 Chemistry
47:22 Chain Barding Armor
Twist
9:57 Feudal Age
14:43 Castle Age
13:12 Double-Bit Axe
13:41 Horse Collar
18:35 Fletching
20:20 Wheelbarrow
24:09 Gold Mining
24:35 Loom
29:29 Imperial Age
27:42 Squires
28:20 Heavy Plow
28:49 Hand Cart
29:41 Bow Saw
29:38 Town Watch
30:22 Scale Mail Armor
30:32 Forging
30:31 Stone Mining
31:39 Masonry
32:30 Chemistry
31:58 Bloodlines
32:07 Chain Mail Armor
34:14 Crop Rotation
34:17 Plate Mail Armor
34:22 Iron Casting
33:14 Elite Teutonic Knight
35:58 Siege Engineers
37:03 Two-Man Saw
36:50 Conscription
38:57 Blast Furnace
38:03 Scale Barding Armor
37:54 Bodkin Arrow
38:21 Ironclad
37:25 Onager
39:30 Elite Skirmisher
40:15 Padded Archer Armor
39:39 Siege Onager
43:26 Stone Shaft Mining
43:55 Ballistics
43:46 Fortified Wall
43:26 Arrowslits
43:51 Arson
43:51 Gambesons
44:31 Leather Archer Armor
44:36 Chain Barding Armor
46:58 Crenellations
47:54 Coinage
Connection lost

Rejoining the realm…

Still unreachable

The connection could not be restored.

Session expired

The server has moved on; the page needs a fresh start.